 Dungeon Crawl Stone Soup version 0.30-a0-358-g0d69a1922f (webtiles) character file.

Game seed: 10121583205942567282

52026 Devinter the Champion of Chaos (level 14, -5/111 HPs)
             Began as a Demonspawn Fire Elementalist on Nov 8, 2022.
             Was the Champion of Makhleb.
             Slain by a dire elephant (25 damage)
             ... on level 5 of the Lair of Beasts on Nov 9, 2022.
             The game lasted 02:37:42 (15993 turns).

Devinter the Champion of Chaos (DsFE)              Turns: 15993, Time: 02:37:43

Health: -5/111     AC: 16    Str: 21    XL:     14   Next: 25%
Magic:  0/29       EV: 13    Int: 27    God:    Makhleb [******]
Gold:   363        SH: 16    Dex: 17    Spells: 0/35 levels left

rFire   + + .      SeeInvis +    r - +3 short sword (freeze)
rCold   + . .      Faith    .    c - +0 kite shield
rNeg    + . .      Spirit   +    o - +2 leather armour of Koidd {rElec rN+ Int+7}
rPois   +          Reflect  .    L - +1 hat {SInv}
rElec   +          Harm     .    T - scarf {rC+ rF+}
rCorr   .          Rampage  .    (no gloves)
Will    +....                    f - +2 pair of boots
Stlth   ++........               (no amulet)
HPRegen 0.38/turn                E - ring "Kicvuplo" {rPois rF+ Str+4 Dex+4}
MPRegen 0.42/turn                N - +6 ring of strength

@: no status effects
A: horns 1, rugged brown scales 3, icemail 1, magic shield, magic regeneration,
condensation shield
a: Renounce Religion, Minor Destruction, Lesser Servant of Makhleb, Major
Destruction, Greater Servant of Makhleb


You were on level 5 of the Lair of Beasts.
You worshipped Makhleb.
Makhleb was exalted by your worship.
You visited 2 branches of the dungeon, and saw 15 of its levels.
You also visited: Sewer and Bailey.

You collected 1036 gold pieces.
You spent 673 gold pieces at shops.

Inventory:

Hand Weapons
 n - a +2 dagger of pain
 r - a +3 short sword of freezing (weapon)
Missiles
 a - 2 silver javelins
 y - 20 poisoned darts (quivered)
 R - 2 throwing nets
 W - a curare-tipped dart
Armour
 c - a +0 kite shield (worn)
 f - a +2 pair of boots (worn)
 o - the +2 leather armour of Koidd (worn) {rElec rN+ Int+7}
   (You found it on level 2 of the Dungeon)

   Int:       It affects your intelligence (+7).
   rElec:     It insulates you from electricity.
   rN:        It protects you from negative energy.
 F - a +1 leather armour of positive energy
 L - a +1 hat of see invisible (worn)
 T - a scarf of resistance (worn)
Jewellery
 m - a ring of flight
 B - a ring of resist corrosion
 E - the ring "Kicvuplo" (left hand) {rPois rF+ Str+4 Dex+4}
   (You bought it in a shop on level 10 of the Dungeon)

   [ring of poison resistance]

   Str:       It affects your strength (+4).
   Dex:       It affects your dexterity (+4).
   rF:        It protects you from fire.
   rPois:     It protects you from poison.
 N - a +6 ring of strength (right hand)
 U - a ring of wizardry
 Z - a +6 ring of strength
Wands
 s - a wand of acid (5)
 G - a wand of roots (11)
 H - a wand of paralysis (12)
 P - a wand of polymorph (18)
 Q - a wand of flame (5)
Scrolls
 d - 7 scrolls of fear
 e - 4 scrolls of amnesia
 h - 10 scrolls of teleportation
 j - 3 scrolls of fog
 l - 3 scrolls of silence
 p - 4 scrolls of blinking
 q - 4 scrolls of immolation
 t - 5 scrolls of vulnerability
 x - 4 scrolls of noise {unknown}
 z - a scroll of poison {unknown}
 I - 2 scrolls of magic mapping {unknown}
 K - 4 scrolls of enchant armour
 M - 3 scrolls of summoning {unknown}
 O - a scroll of torment {unknown}
 Y - a scroll of brand weapon
Potions
 b - 4 potions of magic
 g - a potion of ambrosia
 i - 3 potions of haste
 k - 7 potions of heal wounds
 u - 3 potions of might
 v - 2 potions of lignification
 w - 9 potions of curing
 A - a potion of resistance
 C - 4 potions of flight
 D - a potion of cancellation
 J - 2 potions of invisibility
 S - a potion of mutation
 V - 2 potions of brilliance
 X - 3 potions of berserk rage


   Skills:
 + Level 7.9 Fighting
 - Level 5.0 Armour
 - Level 5.0 Dodging
 - Level 2.0 Stealth
 - Level 10.0 Shields
 + Level 11.3 Spellcasting
 - Level 8.0 Conjurations
 - Level 2.0 Translocations
 + Level 10.2 Fire Magic
 - Level 2.0 Air Magic
 - Level 12.0 Invocations


You couldn't memorise any spells.
You knew the following spells:

 Your Spells              Type           Power      Damage    Failure   Level
a - Foxfire               Conj/Fire      100%       2x1d9     1%          1
b - Scorch                Fire           100%       2d10      1%          2
c - Kindle Blastsparks    Fire/Tloc/Air  80%        2d16      4%          3
d - Ignite Poison         Fire/Tmut/Pois 33%        N/A       8%          3
e - Flame Wave            Conj/Fire      59%        2d14      2%          4
f - Fireball              Conj/Fire      29%        3d13      6%          5
g - Swiftness             Air            26%        N/A       13%         3
h - Sticky Flame          Conj/Fire      59%        2d7       2%          4
i - Starburst             Conj/Fire      29%        6d9       34%         6
j - Iskenderun's Mystic   Conj/Tloc      42%        2d10      13%         4

Your spell library contained the following spells:

 Spells                   Type           Power      Damage    Failure   Level
 Magic Dart               Conj           100%       1d8       1%          1
 Shock                    Conj/Air       100%       1d9       1%          1
 Searing Ray              Conj           100%       2d8       1%          2
 Inner Flame              Hex/Fire       42%        N/A       3%          3
 Summon Small Mammal      Summ           60%        N/A       10%         1
 Gell's Gravitas          Tloc           26%        N/A       13%         3
 Lesser Beckoning         Tloc           52%        N/A       13%         3
 Teleport Other           Tloc           26%        N/A       13%         3
 Fulminant Prism          Conj/Hex       18%        3d11      19%         4
 Portal Projectile        Hex/Tloc       40%        N/A       21%         3
 Call Canine Familiar     Summ           15%        N/A       30%         3
 Summon Guardian Golem    Hex/Summ       15%        N/A       30%         3
 Airstrike                Air            13%        2d(2-18)  41%         4
 Freezing Cloud           Conj/Ice/Air   16%        6-21      56%         5
 Leda's Liquefaction      Hex/Erth       7%         N/A       69%         4
 Lee's Rapid Deconstruct  Erth           7%         3d7*      95%         5
 Ignition                 Fire           31%        3d10      100%        8


Dungeon Overview and Level Annotations

Branches:
Dungeon (10/15)            Temple (0/1) D:7            Lair (5/5) D:10
 Shoals (0/4) Lair:3       Spider (0/4) Lair:3        Slime (0/5) Lair:5
  Sewer (visited)          Bailey (visited)
    Orc: D:9-12

Altars:
Dithmenos
Hepliaklqana
Makhleb
Nemelex Xobeh
Qazlal
Trog
Wu Jian
Xom
Jiyva

Shops:
D:10 !=[

Annotations:
D:6 N> Dig
D:8 2 transporters
Lair:5 exclusion: obsidian statue


Innate Abilities, Weirdness & Mutations

You have a pair of small horns on your head.
You are completely covered in rugged brown scales. (AC +3, +7% HP)
A meltable icy envelope protects you from harm. (AC +4)
When hurt, damage is shared between your health and your magic reserves.
You regenerate magic rapidly.
A meltable shield of frost defends you. (SH +4)


Message History

The spectral anaconda is lightly damaged.
The dire elephant burns!
The dire elephant stops burning.
You block the dire elephant's attack. x2
Casting: Scorch (safe; 1% risk of failure)
Confirm with . or Enter, or press ? or * to list all spells.
Aiming: Sticky Flame (mildly dangerous; 2% risk of failure)
Press: ? - help, Shift-Dir - straight line, f/p - dire elephant
Aim: a dire elephant (severely wounded, covered in acid)
The sticky flame hits the dire elephant.
The dire elephant is severely wounded.
The dire elephant is covered in liquid flames!
* * * LOW MAGIC WARNING * * *
The dire elephant burns!
The dire elephant tramples you!
* * * LOW MAGIC WARNING * * *;
* * * LOW HITPOINT WARNING * * *
You stumble backwards!
You hit the dire elephant. You freeze the dire elephant.
You headbutt the dire elephant.
The dire elephant is severely wounded.
The dire elephant burns!
The dire elephant closely misses you. The dire elephant trunk-slaps you!
* * * LOW MAGIC WARNING * * *;
* * * LOW HITPOINT WARNING * * *
The dire elephant attacks as you move away!
The dire elephant tramples you.
* * * LOW MAGIC WARNING * * *;
* * * LOW HITPOINT WARNING * * *
You block the dire elephant's attack.
The dire elephant burns!
The dire elephant burns!
There is an open gate here.
You hit the dire elephant. You freeze the dire elephant.
You headbutt the dire elephant, but do no damage.
The dire elephant is almost dead.
The dire elephant burns!
You block the dire elephant's attack. The dire elephant trunk-slaps you.
* * * LOW MAGIC WARNING * * *;
* * * LOW HITPOINT WARNING * * *
A demon appears!
The dire elephant burns!
The dire elephant stops burning.
The dire elephant barely misses you. The dire elephant trunk-slaps you.
* * * LOW HITPOINT WARNING * * *
The dire elephant attacks as you move away!
The dire elephant tramples you!!
* * * LOW MAGIC WARNING * * *
You die...

.P.#####........#.##YYY..#
..P.........##.♣#.#.Y....#
........P...###.#.#.p[$..#
............###.#.##8)[8##
....#.##....##..#.#######
.....###...####.#.8##8$[8
#..####....###..'..8#.$..
...# #.........'.4.#....
..<## #.........@..8#....
....# ##...##...#Y8##8..
...####.....##..#Z####Y'#
...###......###.#.##.≈≈Y##
....##......# #.#.#.~≈≈Y~#
....###.....# #.#.# ~≈≈~~
....####...## #.#.## ≈~..
.###.#.....## #.#..# ..#
## ###......###.##.####Z##


You could see a dire elephant (corroded, ally target), a spectral anaconda and a
friendly orange demon (summoned).

Vanquished Creatures
  A dire elephant (Lair:5)
  3 hydras
  2 vault guards (Bailey)
  3 boulder beetles
  6 death yaks
  A spectral death yak (Lair:5)
  Pikel (D:4)
  A necromancer (Lair:5)
  A wolf spider (Lair:3)
  27 elephants
  9 black mambas
  A torpor snail (Lair:1)
  18 cane toads
  A rime drake (Lair:3)
  7 komodo dragons
  2 polar bears (Lair:5)
  2 hornets
  Grinder (D:6)
  Prince Ribbit (Bailey)
  7 blink frogs
  2 spectral elephants (Lair:5)
  3 humans (Bailey)
  48 yaks
  A wyvern (D:7)
  2 death yak simulacra (Lair:5)
  Menkaure (D:4)
  17 water moccasins
  2 ice beasts (D:7)
  3 sky beasts
  5 orc warriors
  2 black bears
  9 wolves
  2 ogres
  4 centaurs
  2 phantoms
  2 kobold brigands
  Blork the orc (D:4)
  11 bullfrogs
  A gnoll sergeant (D:7)
  A necrophage (D:5)
  2 scorpions
  24 wights
  An elephant simulacrum (Lair:5)
  6 killer bees (D:10)
  3 electric eels
  7 hounds
  2 orc priests
  Crazy Yiuf (D:2)
  A gnoll bouda (D:9)
  4 jellies
  3 iguanas
  4 orc wizards
  Natasha (twice) (D:4)
  Terence (D:3)
  2 merfolk sirens
  A merfolk avatar (Sewer)
  14 gnolls
  2 river rats (Sewer)
  11 adders
  A shadow imp (D:3)
  2 white imps
  An ufetubus (D:5)
  2 worms
  4 dart slugs
  27 orcs
  12 ball pythons
  14 endoplasms
  10 giant cockroaches
  6 goblins
  2 hobgoblins
  6 jackals
  6 quokkas
  4 bats
  10 frilled lizards
  16 kobolds
  33 rats
  A spectral orc (D:6)
462 creatures vanquished.

Vanquished Creatures (collateral kills)
  2 dire elephants (Lair:5)
  2 spectral death yaks (Lair:5)
  A human (Bailey)
  3 bullfrogs (Bailey)
  An orc (Bailey)
  A foxfire (D:6)
10 creatures vanquished.

Vanquished Creatures (others)
  495 foxfires
  23 fungi
  39 plants
  24 withered plants (Lair:5)
581 creatures vanquished.

Grand Total: 1053 creatures vanquished

Notes
Turn   | Place    | Note
-------+----------+-------------------------------------------
     0 | D:1      | Devinter the Demonspawn Fire Elementalist began the quest
                  | for the Orb.
     0 | D:1      | Reached XP level 1. HP: 13/13 MP: 3/3
     6 | D:1      | Noticed a black bear
     6 | D:1      | Noticed a komodo dragon
     6 | D:1      | Noticed a salamander
     6 | D:1      | Noticed a swamp worm
     6 | D:1      | Noticed a rime drake
   274 | D:1      | Reached skill level 2 in Stealth
   274 | D:1      | Gained mutation: You regenerate magic rapidly. [demonic
                  | ancestry]
   274 | D:1      | Reached XP level 2. HP: 19/19 MP: 0/5
   276 | D:1      | Reached skill level 2 in Dodging
   471 | D:1      | Reached skill level 3 in Fire Magic
   507 | D:1      | Reached XP level 3. HP: 24/24 MP: 4/6
   539 | D:1      | Learned a level 2 spell: Scorch
   543 | D:1      | Learned a level 3 spell: Kindle Blastsparks
   890 | D:2      | Found a runed translucent door.
   928 | D:2      | Identified the +2 leather armour of Koidd {rElec rN+ Int+7}
  1061 | D:2      | Reached skill level 2 in Conjurations
  1115 | D:2      | Found a faded altar of an unknown god.
  1144 | D:2      | Prayed at the altar of an unknown god.
  1144 | D:2      | Became a worshipper of Makhleb the Destroyer
  1144 | D:2      | Reached * piety under Makhleb
  1301 | D:2      | Noticed Crazy Yiuf
  1306 | D:2      | Killed Crazy Yiuf
  1307 | D:2      | Gained mutation: You are partially covered in rugged brown
                  | scales. (AC +1, +3% HP) [demonic ancestry]
  1307 | D:2      | Reached XP level 4. HP: 24/30 MP: 2/8
  1375 | D:3      | Reached skill level 1 in Invocations
  1379 | D:3      | Reached skill level 1 in Air Magic
  1429 | D:3      | Reached skill level 1 in Translocations
  1525 | D:3      | Noticed Terence
  1532 | D:3      | Killed Terence
  1649 | D:3      | Gained mutation: You are mostly covered in rugged brown
                  | scales. (AC +2, +5% HP) [demonic ancestry]
  1649 | D:3      | Reached XP level 5. HP: 30/36 MP: 7/9
  1699 | D:3      | Reached ** piety under Makhleb
  1850 | D:3      | Found a shadowy altar of Dithmenos.
  2087 | D:4      | Noticed Pikel
  2087 | D:4      | Noticed a lemure
  2087 | D:4      | Noticed a lemure
  2087 | D:4      | Noticed a lemure
  2088 | D:4      | Noticed a lemure
  2131 | D:4      | Noticed an ogre
  2136 | D:4      | Killed an ogre
  2137 | D:4      | Reached skill level 3 in Spellcasting
  2137 | D:4      | Reached skill level 2 in Invocations
  2222 | D:4      | Found a glowing drain.
  2240 | Sewer    | Entered a sewer
  2252 | Sewer    | Reached XP level 6. HP: 43/43 MP: 4/10
  2482 | Sewer    | Reached *** piety under Makhleb
  2536 | Sewer    | Reached skill level 2 in Translocations
  2549 | Sewer    | Reached skill level 2 in Air Magic
  2649 | D:4      | Learned a level 3 spell: Ignite Poison
  2668 | D:4      | Noticed Menkaure
  2673 | D:4      | Killed Menkaure
  2674 | D:4      | Reached skill level 3 in Conjurations
  2674 | D:4      | Reached skill level 4 in Fire Magic
  2674 | D:4      | Reached skill level 3 in Invocations
  2756 | D:4      | Reached XP level 7. HP: 48/48 MP: 8/12
  2789 | D:4      | Noticed Blork the orc
  2795 | D:4      | Killed Blork the orc
  2796 | D:4      | Reached skill level 4 in Spellcasting
  2796 | D:4      | Reached skill level 4 in Invocations
  2888 | D:4      | Noticed Natasha
  3058 | D:4      | Killed Pikel
  3059 | D:4      | Reached skill level 5 in Spellcasting
  3059 | D:4      | Reached skill level 5 in Fire Magic
  3059 | D:4      | Reached skill level 5 in Invocations
  3059 | D:4      | Gained mutation: You are completely covered in rugged brown
                  | scales. (AC +3, +7% HP) [demonic ancestry]
  3059 | D:4      | Reached XP level 8. HP: 41/55 MP: 7/15
  3123 | D:4      | Killed Natasha
  3178 | D:4      | Learned a level 4 spell: Flame Wave
  3208 | D:4      | Found a stormy altar of Qazlal.
  3381 | D:5      | Entered Level 5 of the Dungeon
  3433 | D:4      | Noticed Natasha
  3438 | D:4      | Killed Natasha
  3517 | D:5      | Found a sparkling altar of Nemelex Xobeh.
  3603 | D:5      | Reached skill level 6 in Invocations
  3920 | D:5      | Reached skill level 4 in Conjurations
  4026 | D:5      | Reached **** piety under Makhleb
  4247 | D:6      | Noticed Grinder
  4391 | D:6      | Gained mutation: You have a pair of small horns on your
                  | head. [demonic ancestry]
  4391 | D:6      | Reached XP level 9. HP: 60/60 MP: 13/17
  4455 | D:6      | Reached skill level 6 in Spellcasting
  4476 | D:6      | Reached skill level 6 in Fire Magic
  4505 | D:6      | Killed Grinder
  4506 | D:6      | Reached skill level 7 in Invocations
  4534 | D:6      | Found a transporter.
  4554 | D:6      | Found a transporter.
  4571 | D:6      | Reached skill level 5 in Conjurations
  4617 | D:6      | Found a hazy altar of Hepliaklqana.
  4899 | D:7      | Found an ornate altar of the Wu Jian Council.
  4931 | D:7      | Found a shimmering altar of Xom.
  4996 | D:7      | Reached skill level 8 in Invocations
  5115 | D:7      | Reached ***** piety under Makhleb
  5116 | D:7      | Reached skill level 6 in Conjurations
  5167 | D:7      | Found a staircase to the Ecumenical Temple.
  5185 | D:7      | Reached skill level 7 in Spellcasting
  5192 | D:7      | Reached skill level 7 in Fire Magic
  5260 | D:7      | Reached skill level 9 in Invocations
  5260 | D:7      | Reached XP level 10. HP: 67/67 MP: 8/20
  5318 | D:7      | Found a flagged portal.
  5327 | Bailey   | Entered a bailey
  5552 | Bailey   | Noticed a vault guard
  5552 | Bailey   | Noticed Prince Ribbit
  5566 | Bailey   | Killed Prince Ribbit
  5573 | Bailey   | HP: 1/67 [vault guard/+0 broad axe (10)]
  5589 | Bailey   | Killed a vault guard
  5590 | Bailey   | Reached skill level 8 in Spellcasting
  5590 | Bailey   | Reached skill level 8 in Fire Magic
  5590 | Bailey   | Reached skill level 10 in Invocations
  5590 | Bailey   | Reached skill level 1 in Fighting
  5590 | Bailey   | Reached skill level 1 in Armour
  5590 | Bailey   | Reached skill level 1 in Shields
  5604 | Bailey   | Noticed a vault guard
  5619 | Bailey   | Killed a vault guard
  5620 | Bailey   | Reached skill level 2 in Fighting
  5620 | Bailey   | Reached skill level 2 in Armour
  5620 | Bailey   | Reached skill level 2 in Shields
  5847 | D:7      | Learned a level 5 spell: Fireball
  6108 | D:8      | Reached skill level 9 in Fire Magic
  6342 | D:8      | Learned a level 3 spell: Swiftness
  6388 | D:8      | Found a transporter.
  6617 | D:8      | Found a transporter.
  6711 | D:8      | Gained mutation: A meltable shield of frost defends you.
                  | (SH +4) [demonic ancestry]
  6711 | D:8      | Reached XP level 11. HP: 77/77 MP: 21/23
  7262 | D:9      | Learned a level 4 spell: Sticky Flame
  7502 | D:9      | Reached skill level 10 in Fire Magic
  8284 | D:10     | Entered Level 10 of the Dungeon
  8370 | D:10     | Found Nimeshros's Armour Boutique.
  8720 | D:10     | Noticed a death yak
  8721 | D:10     | Noticed a death yak
  8724 | D:10     | Noticed a death yak
  8729 | D:10     | Killed a death yak
  8730 | D:10     | Reached skill level 3 in Fighting
  8730 | D:10     | Reached skill level 3 in Armour
  8730 | D:10     | Reached skill level 3 in Dodging
  8730 | D:10     | Reached skill level 3 in Shields
  8742 | D:10     | Killed a death yak
  9000 | D:10     | Found Soely's Jewellery Emporium.
  9010 | D:10     | Bought the ring "Kicvuplo" {rPois rF+ Str+4 Dex+4} for 660
                  | gold pieces
  9070 | D:10     | Found a staircase to the Lair.
  9171 | D:10     | Found Atempogy's Distillery.
  9188 | D:10     | Found a bloodstained altar of Trog.
  9204 | D:10     | Bought a potion of degeneration for 13 gold pieces
  9295 | Lair:1   | Entered Level 1 of the Lair of Beasts
  9324 | Lair:1   | Reached skill level 4 in Fighting
  9483 | Lair:1   | Reached skill level 4 in Armour
  9483 | Lair:1   | Reached skill level 4 in Dodging
  9486 | Lair:1   | Reached skill level 4 in Shields
  9807 | Lair:1   | Reached skill level 5 in Fighting
  9807 | Lair:1   | Reached XP level 12. HP: 45/92 MP: 12/24
 10079 | Lair:1   | Reached skill level 5 in Armour
 10079 | Lair:1   | Reached skill level 5 in Dodging
 10079 | Lair:1   | Reached skill level 5 in Shields
 10091 | Lair:1   | Reached ****** piety under Makhleb
 10840 | Lair:1   | Noticed a seven-headed hydra
 10845 | Lair:1   | Killed a seven-headed hydra
 10846 | Lair:1   | Reached skill level 6 in Shields
 10846 | Lair:1   | Reached skill level 9 in Spellcasting
 11023 | Lair:2   | Noticed a six-headed hydra
 11034 | Lair:2   | Noticed a boulder beetle
 11037 | Lair:2   | Killed a six-headed hydra
 11240 | Lair:2   | Reached skill level 7 in Shields
 11371 | Lair:2   | Killed a boulder beetle
 11516 | Lair:2   | Reached skill level 10 in Spellcasting
 11727 | Lair:3   | Upgraded the game from 0.30-a0-355-g4c39ff33d3 to
                  | 0.30-a0-358-g0d69a1922f
 11832 | Lair:3   | Found a hole to the Spider Nest.
 11928 | Lair:3   | Reached skill level 8 in Shields
 12162 | Lair:3   | Gained mutation: When hurt, damage is shared between your
                  | health and your magic reserves. [demonic ancestry]
 12162 | Lair:3   | Reached XP level 13. HP: 74/97 MP: 7/27
 12232 | Lair:3   | Reached skill level 7 in Conjurations
 12260 | Lair:3   | Found a staircase to the Shoals.
 12747 | Lair:4   | Learned a level 6 spell: Starburst
 12759 | Lair:4   | You fall into a shaft and drop 1 floor!
 12759 | Lair:5   | Entered Level 5 of the Lair of Beasts
 13236 | Lair:4   | Reached skill level 9 in Shields
 13257 | Lair:4   | Reached skill level 6 in Fighting
 13257 | Lair:4   | Reached skill level 8 in Conjurations
 13889 | Lair:4   | Reached skill level 11 in Invocations
 14389 | Lair:5   | Found a viscous altar of Jiyva.
 14389 | Lair:5   | Found a staircase to the Slime Pits.
 14491 | Lair:5   | Reached skill level 7 in Fighting
 15200 | Lair:5   | Noticed a dire elephant
 15200 | Lair:5   | Noticed a dire elephant
 15200 | Lair:5   | Noticed a dire elephant
 15200 | Lair:5   | Noticed a dire elephant
 15220 | Lair:5   | Gained mutation: A meltable icy envelope protects you from
                  | harm. (AC +4) [demonic ancestry]
 15220 | Lair:5   | Reached XP level 14. HP: 104/110 MP: 17/28
 15260 | Lair:5   | Reached skill level 11 in Spellcasting
 15370 | Lair:5   | Reached skill level 10 in Shields
 15370 | Lair:5   | Reached skill level 12 in Invocations
 15672 | Lair:5   | Learned a level 4 spell: Iskenderun's Mystic Blast
 15993 | Lair:5   | Slain by a dire elephant

Illustrated notes

Levels and vault maps discovered:
D:1:      onia_arrival_zoo_common, layout_basic
D:2:      layout_rooms, hellmonk_ecumenical_altar_blasted,
          uniq_crazy_yiuf_cottage
D:3:      layout_basic, nicolae_dithmenos_through_a_glass_darkly,
          minmay_crystal_room, uniq_terence
D:4:      layout_rooms, mainiacjoe_overflow_surrounded_room,
          gup_sewer_entry_glass, minmay_circle_x, uniq_menkaure, uniq_natasha,
          uniq_pikel, uniq_blork_the_orc
D:5:      kb_forest_paths, layout_loops_corners, nemelex_dance_club_becter
D:6:      gammafunk_steamed_eel, layout_cave_pools,
          nicolae_hepliaklqana_monster_ancestors, due_unseen_surprise,
          uniq_grinder
D:7:      layout_cave_pools, mainiacjoe_overflow_swirl,
          minmay_temple_entry_statues_fountains, enter_bailey_2,
          serial_bayou_ford_a, kennysheep_generic_room_13
D:8:      layout_basic, nicolae_diode_stairs
D:9:      layout_layer_cave, bh_walls_and_bars
D:10:     layout_grid_maze, bloody_trog, dpeg_lair_monsters, serial_shops,
          nicolae_stop_n_shop_1, nicolae_shop_stone, shop,
          minmay_misc_feat_square
Lair:1:   cheibrodos_lair_river_kwai, layout_loops_ring
Lair:2:   layout_hall_layers, cheibrodos_lair_reptile_den, lemuel_fruit_tree
Lair:3:   layout_hall_layers, minmay_shoals_entry_lonely_mermaid,
          spider_nest_entry_rubble, chequers_serial_rivers_micro_c,
          chequers_serial_rivers_small_a, uniq_rupert
Lair:4:   layout_gridlike
Lair:5:   due_jungle_book, layout_concentric_octagons, dpeg_slime_entry_enclosed

Skill      XL: |  1  2  3  4  5  6  7  8  9 10 11 12 13 14 |
---------------+-------------------------------------------+-----
Stealth        | 2 |  2.0
Dodging        | 2 4 5 |  5.0
Fire Magic     | 3 4 5 7 9 10 | 10.2
Conjurations   | 2 3 4 6 8 |  8.0
Invocations    | 1 2 3 5 6 9 10 11 12 | 12.0
Air Magic      | 1 2 |  2.0
Translocations | 1 2 |  2.0
Spellcasting   | 3 5 7 8 10 11 | 11.3
Fighting       | 2 5 7 |  7.9
Armour         | 2 4 5 |  5.0
Shields        | 2 4 8 9 10 | 10.0

Action                   |  1- 3 |  4- 6 |  7- 9 | 10-12 | 13-15 || total
-------------------------+-------+-------+-------+-------+-------++-------
Melee: Dagger            |     9 |       |       |       |       ||     9
       Short sword       |    36 |    99 |    15 |   100 |   350 ||   600
       Punch             |     1 |       |     2 |     1 |     1 ||     5
       Whip              |       |       |    64 |    34 |       ||    98
       Headbutt          |       |       |     9 |    37 |   172 ||   218
 Cast: Foxfire           |    41 |    38 |    94 |    98 |    29 ||   300
       Scorch            |     9 |    41 |    82 |   114 |    63 ||   309
       Kindle Blastspark |       |       |     3 |     8 |     1 ||    12
       Flame Wave        |       |       |     7 |    33 |     7 ||    47
       Sticky Flame      |       |       |       |    50 |    90 ||   140
       Fireball          |       |       |       |    26 |     6 ||    32
       Swiftness         |       |       |       |     2 |       ||     2
Invok: Lesser Servant of |       |       |       |     3 |     5 ||     8
       Minor Destruction |       |       |       |     6 |       ||     6
Evoke: Wand              |       |       |       |     2 |    11 ||    13
  Use: Scroll            |       |     5 |     8 |     4 |     6 ||    23
       Potion            |       |       |       |     1 |       ||     1
 Stab: Sleeping          |     3 |     3 |       |       |     1 ||     7
       Distracted        |       |       |       |       |     1 ||     1
Armor: Robe              |    13 |       |       |       |       ||    13
       Leather armour    |     6 |    46 |    72 |    95 |   164 ||   383
Dodge: Dodged            |    23 |    64 |    89 |   162 |   189 ||   527
Block: Other             |       |       |       |    34 |     5 ||    39
       Kite shield       |       |       |       |       |   332 ||   332

Table legend: (Time is in decaauts)
 A = Elapsed time spent in this place.
 B = Non-inter-level travel time spent in this place.
 C = Inter-level travel time spent in this place.
 D = Time resting spent in this place.
 E = Time spent auto-exploring this place.
 F = Levels seen in this place.
 G = Mean time per level.
                   A        B        C        D        E       F      G
               +--------+--------+--------+--------+--------+-----+--------+
         Total |  16068 |  15500 |    568 |   2904 |   3129 |  17 |  945.2 |
       Dungeon |   8496 |   8083 |    413 |    603 |   2084 |  10 |  849.6 |
          Lair |   6758 |   6603 |    155 |   2152 |    997 |   5 | 1351.6 |
         Sewer |    403 |    403 |      0 |     67 |      0 |   1 |  403.0 |
        Bailey |    410 |    410 |      0 |     82 |     48 |   1 |  410.0 |
               +--------+--------+--------+--------+--------+-----+--------+

Top non-repeatable levels by time:
  Lair:5: 2276 daAuts
  Lair:1: 1851 daAuts
     D:9: 1433 daAuts
  Lair:3: 1021 daAuts
  Lair:4: 1019 daAuts
    D:10: 958 daAuts
     D:8: 949 daAuts
     D:5: 922 daAuts
     D:4: 891 daAuts
     D:1: 814 daAuts
     D:3: 776 daAuts
     D:7: 756 daAuts
  Lair:2: 590 daAuts
     D:2: 537 daAuts
     D:6: 457 daAuts
